 Dungeon Crawl Stone Soup version 0.19.0-2-gae57169 (webtiles) character file.

72 equalderp2856 the Scratcher (level 4, -15/21 HPs)
             Began as a Felid Fighter on Nov 6, 2016.
             Demolished by feelmyfire's ghost (19 damage)
             ... on level 4 of the Dungeon.
             The game lasted 00:15:01 (4060 turns).

equalderp2856 the Scratcher (Felid Fighter)         Turns: 4060, Time: 00:15:02

Health: -15/21     AC:  1    Str: 13    XL:     4   Next: 6%
Magic:  5/5        EV: 20    Int: 10    God:
Gold:   91         SH:  0    Dex: 15    Spells: 0 memorised, 3 levels left
                                        Lives:  0   Deaths: 1

rFire  . . .     SeeInvis +       - Unarmed
rCold  . . .     Gourm    .     (armour unavailable)
rNeg   . . .     Faith    .     (shield unavailable)
rPois  .         Spirit   .     (helmet unavailable)
rElec  .         Reflect  .     (cloak unavailable)
rCorr  .         Harm     .     (gloves unavailable)
MR     .....                    (boots unavailable)
Stlth  ++........               (no amulet)
                                (no ring)
                                (no ring)

@: quick
A: no armour, no weapons or thrown items, stealth, claws 1, fangs 3, see
invisible, carnivore 3, speed 1, shaggy fur 1, slow metabolism 1, sharp paws
a: no special abilities


You were on level 4 of the Dungeon.
You were not hungry.

You visited 1 branch of the dungeon, and saw 4 of its levels.

You collected 91 gold pieces.

Inventory:

Hand Weapons
 p - a +0 short sword
 s - a +0 falchion
 D - a +0 dagger of speed
 F - a cursed -1 dagger
Missiles
 d - 49 arrows
 e - 36 bolts
 g - 101 stones
 v - a throwing net
 y - 4 curare-tipped needles
Armour
 k - a +0 large shield
 o - a +0 cloak
 x - a +0 large shield
 E - a +0 ring mail
 G - a +0 pair of gloves
Scrolls
 h - a scroll of fear {unknown}
 l - a scroll of fog {unknown}
 q - 5 scrolls of identify {unknown}
 t - 2 scrolls of recharging {unknown}
 u - a scroll of enchant weapon {unknown}
 w - a scroll of teleportation {unknown}
 C - a scroll of blinking {unknown}
Potions
 a - a potion of might
 c - 2 potions of curing {unknown}
 f - a potion of berserk rage {unknown}
 i - a potion of agility {unknown}
 j - a potion of lignification {unknown}
 m - a potion of ambrosia {unknown}
 r - a potion of brilliance {unknown}
 z - 2 potions of flight {unknown}
 A - a potion of mutation {unknown}
 H - a potion of beneficial mutation {unknown}
 I - a potion of magic {unknown}
 K - a potion of haste {unknown}
Comestibles
 b - 2 meat rations
 n - a bread ration
 B - a slice of pizza
 J - a beef jerky


   Skills:
 + Level 3.5 Fighting
 + Level 4.9 Dodging
 + Level 1.3 Stealth
 + Level 5.5 Unarmed Combat


You had 3 spell levels left.
You didn't know any spells.

Dungeon Overview and Level Annotations

Branches:
Dungeon (4/15)
 Temple: D:4-7

Altars:
Ashenzari
Dithmenos
Fedhas
Uskayaw
Zin
The Shining One

Annotations:
D:4 feelmyfire's ghost, amateur MiFi


Innate Abilities, Weirdness & Mutations

You cannot wear armour.
You are incapable of wielding weapons or throwing items.
Your paws allow you to move quietly. (Stealth)
You have sharp claws.
You have razor-sharp teeth.
You have supernaturally acute eyesight. (SInv)
You are carnivorous and can eat meat at any time.
You cover ground quickly.
You are covered in fur. (AC +1)
You have a slow metabolism.
Your sharp claws are effective at attacking unaware monsters.


Message History

Feelmyfire's ghost says, "Try not to bleed too much."
The phantom blinks!
You scratch feelmyfire's ghost but do no damage.
You claw feelmyfire's ghost, but do no damage.
Feelmyfire's ghost misses you.
You scratch feelmyfire's ghost but do no damage.
Feelmyfire's ghost misses you.
You scratch feelmyfire's ghost.
Feelmyfire's ghost is lightly damaged.
Feelmyfire's ghost hits you.
You scratch feelmyfire's ghost but do no damage.
Feelmyfire's ghost is lightly damaged.
Feelmyfire's ghost hits you!
Ouch! That really hurt!
* * * LOW HITPOINT WARNING * * *
You scratch feelmyfire's ghost.
Feelmyfire's ghost is lightly damaged.
Feelmyfire's ghost hits you!!
Ouch! That really hurt!
You die...

#########
#....W@.#
.....W[####.#
....... #.#
....... #.#
....... #.#
#####W# #.#
.. .># #. ..#
...#


You could see a phantom and feelmyfire's ghost.

Vanquished Creatures
  An orc priest (D:3)
  Terence (D:2)
  An adder (D:3)
  3 worms
  A dart slug (D:1)
  2 leopard geckos
  6 orcs (D:3)
  A ball python (D:1)
  4 giant cockroaches
  6 goblins
  4 hobgoblins (D:1)
  10 jackals
  5 kobolds
  2 quokkas (D:2)
  5 bats
  A frilled lizard (D:2)
  8 rats
61 creatures vanquished.

Notes
Turn   | Place    | Note
-------+----------+-------------------------------------------
     0 | D:1      | equalderp2856 the Felid Fighter began the quest for the Orb.
     0 | D:1      | Reached XP level 1. HP: 10/10 MP: 2/2
   318 | D:1      | Reached XP level 2. HP: 10/14 MP: 3/3
  1024 | D:2      | Reached XP level 3. HP: 14/17 MP: 4/4
  1081 | D:2      | Noticed Terence
  1410 | D:2      | Killed Terence
  1717 | D:2      | Reached skill level 5 in Unarmed Combat
  1784 | D:2      | Found a shattered altar of Ashenzari.
  1982 | D:2      | Reached XP level 4. HP: 21/21 MP: 5/5
  3280 | D:3      | Reached skill level 1 in Stealth
  3587 | D:3      | Reached XP level 5. HP: 19/24 MP: 6/6
  3984 | D:4      | Found a glowing golden altar of the Shining One.
  3986 | D:4      | Found a shadowy altar of Dithmenos.
  3986 | D:4      | Found a hide-covered altar of Uskayaw.
  3988 | D:4      | Found a blossoming altar of Fedhas.
  3989 | D:4      | Found a glowing silver altar of Zin.
  4035 | D:4      | HP: 1/24 [poisoned by a worker ant]
  4036 | D:4      | Succumbed to a worker ant's poison
  4037 | D:4      | Reached XP level 4. HP: 0/21 MP: 5/5
  4040 | D:4      | Noticed a phantom
  4043 | D:4      | Noticed feelmyfire's ghost (amateur MiFi)
  4060 | D:4      | Demolished by feelmyfire's ghost

Skill      XL: |  1  2  3  4 |
---------------+-------------+-----
Unarmed Combat | 5 |  5.5
Stealth        | 1 |  1.3
Fighting       | |  3.5
Dodging        | |  4.9

Action                   |  1- 3 |  4- 6 || total
-------------------------+-------+-------++-------
Melee: Unarmed           |   100 |   108 ||   208
       Punch             |     3 |     4 ||     7
       Bite              |     7 |    13 ||    20
 Stab: Sleeping          |       |     1 ||     1
  Eat: Chunk             |     9 |     3 ||    12
Armor: Skin              |     6 |     4 ||    10
Dodge: Dodged            |   101 |    65 ||   166
